Map: Cradle of Death

Players

wasp

  • Race: Protoss Protoss

larsgj

  • Race: Terran Terran

VOD

Have the link to the VOD?

Description

Time

  • Played on: Sept. 7, 2018, 10:12 a.m.
  • Length: 37:41
Show
View Real Time Build Order
Export as new Build Order

wasp Protoss 

Build Orders:  

Get SALT Encoding   

  1  0:00  Probe x12 (Chrono Boost)  
    0:10  Unknown x4  
  12  0:27  Pylon  
  12  0:31  Unknown  
  12  0:46  Pylon  
  12  1:17  Gateway  
  12  1:29  Gateway  
  12  1:44  Forge  
  12  1:57  Assimilator  
  12  2:50  Cybernetics Core  
  12  2:53  Probe (Chrono Boost)  
  13  3:06  Probe (Chrono Boost)  
  14  3:20  Probe (Chrono Boost)  
  14  3:29  Zealot  
  17  3:34  Probe (Chrono Boost), Zealot  
  20  3:48  Probe (Chrono Boost)  
  21  4:03  Robotics Facility  
  21  4:56  Twilight Council  
  21  5:06  Zealot  
  21  5:07  Zealot  
  21  6:19  Immortal  
  21  6:33  Assimilator  
  21  6:47  Zealot  
  21  6:48  Zealot  
  25  7:36  Immortal  
  29  7:41  Zealot  
  31  9:31  Unknown  
  31  10:03  Pylon  
  31  10:10  Pylon  
  31  10:19  Pylon  
  31  10:28  Immortal  
  35  10:38  Zealot  
  35  10:39  Zealot  
  39  11:04  Singularity Charge  
  39  11:23  Immortal  
  43  12:04  Charge  
  43  12:18  Immortal  
  47  13:12  Immortal  
  51  14:07  Immortal  
  51  17:53  Unknown  
  51  17:58  Immortal  
  55  20:52  Robotics Bay  
  55  21:02  Templar Archives  
  55  21:12  Stargate  
  55  21:39  Pylon  
  55  21:50  Pylon  
  55  22:02  Pylon  
  49  25:03  Unknown  
  49  26:24  Gravitic Boosters  
  49  27:20  Phoenix  
  49  27:24  Improved Barrier  
  51  27:47  Pylon  
  51  27:55  Phoenix  
  53  28:29  Phoenix  
  55  29:04  Phoenix  
  57  29:39  Phoenix  
  59  30:19  High Templar  
  61  30:21  High Templar  
  61  30:25  High Templar  
  61  30:28  High Templar  
  67  30:30  High Templar  
  67  30:32  High Templar  
  67  30:38  Archon  
  71  30:41  Archon  
  71  30:42  Archon  
  71  31:21  High Templar  
  71  31:23  High Templar  
  71  31:27  Archon  
  75  32:05  High Templar  
  75  32:07  High Templar  
  79  32:10  Archon  
  79  32:34  Pylon  
  79  33:17  Pylon  
  79  33:22  High Templar  
  79  33:24  High Templar  
  79  33:27  Archon  
  83  34:05  High Templar  
  83  34:07  High Templar  
  87  34:21  Archon  
Show
View Real Time Build Order
Export as new Build Order

larsgj Terran 

Build Orders:  

Get SALT Encoding   

  1  0:00  Orbital Command, SCV x12  
    0:10  Unknown x3  
  12  0:24  SCV  
  13  0:31  Supply Depot  
  13  0:34  Unknown  
  13  1:09  SCV  
  14  1:11  Barracks  
  14  1:23  Supply Depot  
  14  1:26  SCV  
  15  1:43  SCV  
  15  1:47  Marine  
  17  1:57  Supply Depot  
  17  2:00  SCV  
  18  2:17  SCV  
  18  2:19  Barracks  
  19  2:34  SCV  
  19  2:38  Refinery  
  20  2:45  Refinery  
  20  2:48  Marine  
  21  2:51  SCV  
  21  2:55  Marine  
  23  3:04  Marine  
  23  3:08  SCV  
  25  3:17  Marine  
  26  3:25  SCV  
  27  3:42  SCV  
  28  3:50  Supply Depot  
  28  3:53  Marine x2  
  30  4:05  Marine  
  30  4:06  Marine  
  30  4:08  Barracks  
  32  4:23  Engineering Bay  
  32  4:37  Orbital Command  
  32  4:45  Marine x2  
  32  4:46  Marine  
  35  4:57  Marine  
  35  4:58  Supply Depot  
  36  5:02  Marine  
  37  5:12  Terran Infantry Weapons Level 1  
  37  5:20  Barracks Tech Lab  
  37  6:00  Unknown  
  37  6:41  Marine  
  37  6:42  Marine x2  
  40  6:54  Marine x3  
  43  7:06  Marine  
  43  7:07  Marine x2  
  46  7:19  Marine  
  47  7:52  Terran Infantry Armor Level 1  
  47  7:54  Marine  
  47  7:55  Marine x2  
  50  8:07  Marine x3  
  53  8:19  Marine  
  51  8:20  Marine  
  55  8:57  Supply Depot  
  55  9:27  Marine x3  
  55  9:29  Unknown, Supply Depot  
  58  9:39  Marine  
  58  9:42  Neosteel Frame, Marine  
  58  9:43  Marine  
  61  9:51  Marine  
  61  9:54  Marine  
  61  9:56  Factory  
  61  9:59  Marine  
  64  10:01  Supply Depot  
  64  10:04  Marine  
  64  10:07  Marine  
  66  10:11  Supply Depot  
  66  10:34  Supply Depot  
  66  10:44  Supply Depot  
  66  11:09  Barracks Reactor  
  66  11:10  Armory  
  66  11:15  Barracks Tech Lab, Supply Depot  
  66  11:32  Structure Armor  
  66  11:47  Supply Depot  
  66  12:23  Marine  
  66  12:24  Marine x3  
  70  12:35  Marine  
  70  12:36  Marine x3  
  74  12:48  Marine x3  
  74  12:49  Marine  
  78  13:00  Marine  
  78  13:01  Marine x3  
  78  13:07  Terran Infantry Weapons Level 2  
  82  13:13  Marine x2  
  82  14:14  Unknown  
  82  14:34  Unknown  
  82  14:45  Marine x4  
  86  14:57  Marine  
  86  14:58  Marine x3  
  92  15:10  Marine x4  
  94  15:22  Marine  
  94  15:23  Marine x3  
  93  15:35  Marine x2  
  92  16:17  Terran Infantry Armor Level 2  
  82  17:45  Marine  
  82  17:46  Marine x3  
  86  17:56  Unknown  
  86  17:57  Supply Depot  
  86  17:58  Marine x4  
  90  18:10  Marine  
  90  18:11  Marine x3  
  94  18:23  Marine x4  
  98  18:31  Supply Depot  
  98  18:36  Marine x2  
  100  19:03  Supply Depot  
  100  19:27  Terran Infantry Weapons Level 3  
  100  19:35  Supply Depot  
  100  20:10  Starport, Supply Depot  
  100  20:43  Supply Depot  
  100  20:50  Terran Vehicle And Ship Armor Level 1  
  100  21:03  Starport  
  100  21:15  Supply Depot  
  100  21:23  Marine x4  
  104  21:35  Marine  
  104  21:36  Marine x3  
  108  21:48  Marine x4  
  112  22:00  Marine  
  112  22:01  Marine x3  
  116  22:13  Marine x2  
  112  23:07  Terran Infantry Armor Level 3  
  110  23:37  Marine x4  
  114  23:49  Marine  
  114  23:50  Marine x3  
  118  24:01  Marine  
  118  24:02  Marine x3  
  122  24:14  Marine  
  122  24:15  Marine x3  
  121  24:27  Marine x2  
  106  25:00  Marine  
  106  25:01  Marine x3  
  106  25:05  Unknown  
  110  25:13  Marine x2  
  110  25:14  Marine x2  
  114  25:25  Marine  
  114  25:26  Marine x3  
  118  25:38  Marine x4  
  122  25:51  Marine x2  
  123  27:19  Marine  
  123  27:20  Marine x3  
  123  27:25  Terran Vehicle and Ship Weapons Level 1  
  127  27:32  Marine x4  
  131  27:42  Supply Depot  
  131  27:44  Marine  
  131  27:45  Marine x3  
  135  27:56  Marine  
  135  27:57  Marine x3  
  137  28:10  Marine x2  
  137  28:14  Supply Depot  
  136  28:46  Supply Depot  
  136  29:20  Supply Depot  
  135  29:50  Supply Depot  
  135  30:05  Terran Vehicle And Ship Armor Level 2  
  135  30:21  Supply Depot  
  120  30:52  Supply Depot  
  85  31:25  Supply Depot  
  80  31:31  Marine x2  
  80  31:32  Marine x2  
  84  31:43  Marine  
  84  31:44  Marine x3  
  88  31:56  Marine x4  
  88  31:57  Supply Depot  
  92  32:08  Marine  
  92  32:09  Marine x3  
  96  32:13  Barracks  
  96  32:21  Marine x2  
  98  32:48  Barracks Reactor  
  98  32:53  Marine  
  98  32:54  Marine x3  
  102  33:06  Marine  
  102  33:07  Marine x3  
  106  33:18  Marine  
  106  33:19  Marine x3  
  110  33:31  Marine x4  
  114  33:44  Marine x2  
  114  34:13  Marine  
  114  34:14  Marine  
  116  34:25  Marine  
  116  34:26  Marine  
  116  34:28  Marine  
  116  34:29  Marine x3  
  119  34:38  Marine x2  
  124  34:41  Marine x2  
  124  34:42  Marine x2  
  128  34:50  Marine  
  128  34:51  Marine  
  128  34:53  Marine  
  128  34:54  Marine x3  
  134  35:03  Marine x2  
  134  35:06  Marine x2  
  134  35:07  Marine x2  
  140  35:19  Marine x2  
Tags
 
Commander
ArtanisRaynor
Matchup
Co-op
Replay Pack
Multiplayer
Add a new tag
Caveats
  • Supply blocks, unpowered buildings, or Contaminate may cause inaccurate times.
  • Supply counts are checked every 10 seconds.